 Dungeon Crawl Stone Soup version 0.21.1-1-g345015fe64 (webtiles) character file.

103 Revguard the Shield-Bearer (level 4, 0/28 HPs)
             Began as a Gargoyle Fighter on June 17, 2018.
             Was an Initiate of Qazlal.
             Slain by an iguana (4 damage)
             ... on level 4 of the Dungeon.
             The game lasted 00:12:07 (2428 turns).

Revguard the Shield-Bearer (Gargoyle Fighter)       Turns: 2428, Time: 00:12:07

Health: 0/28       AC: 13    Str: 20    XL:     4   Next: 79%
Magic:  4/4        EV:  5    Int:  9    God:    Qazlal [......]
Gold:   176        SH:  9    Dex:  9    Spells: 3/3 levels left

rFire    . . .     SeeInvis .   a - +0 war axe
rCold    . . .     Gourm    .   c - +0 shield
rNeg     + . .     Faith    .   g - +0 chain mail
rPois    ∞         Spirit   .   l - +0 hat
rElec    +         Reflect  .   (no cloak)
rCorr    .         Harm     .   (no gloves)
MR       .....                  (no boots)
Stlth    ..........             s - amulet of rage
HPRegen  0.09/turn              (no ring)
MPRegen  0.09/turn              (no ring)

@: no status effects
A: negative energy resistance 1, electricity resistance, unbreathing,
petrification resistance, rot immunity, AC +3
a: Renounce Religion, Evoke Berserk Rage


You were on level 4 of the Dungeon.
You worshipped Qazlal.
Qazlal was noncommittal.
You were not hungry.

You visited 1 branch of the dungeon, and saw 4 of its levels.

You collected 176 gold pieces.

Inventory:

Hand Weapons
 a - a +0 war axe (weapon)
Armour
 b - a +0 scale mail
 c - a +0 shield (worn)
 g - a +0 chain mail (worn)
 l - a +0 hat (worn)
Jewellery
 o - a -2 ring of protection
 s - an amulet of rage (around neck)
Scrolls
 e - 2 scrolls of remove curse
 i - 2 scrolls of immolation
 k - a scroll of random uselessness
 m - a scroll of fog {unknown}
 p - a scroll of teleportation {unknown}
 q - a scroll of enchant weapon {unknown}
Potions
 d - 4 potions of might
 h - 4 potions of heal wounds
 j - a potion of curing {unknown}
 n - a potion of magic {unknown}
 r - a potion of berserk rage {unknown}
Comestibles
 f - 5 rations


   Skills:
 + Level 3.5 Fighting
 + Level 2.5 Axes
 + Level 4.0 Armour
 + Level 0.9 Dodging
 - Level 0.3 Stealth
 + Level 4.1 Shields
 * Level 0.9 Invocations


You had 3 spell levels left.
You didn't know any spells.

Dungeon Overview and Level Annotations

Branches:
Dungeon (4/15)
 Temple: D:4-7

Altars:
Qazlal


Innate Abilities, Weirdness & Mutations

You are resistant to torment.
Your stone body is resilient. (AC +3)
You are immune to poison.
You resist negative energy. (rN+)
You are resistant to electric shocks. (rElec)
You can survive without breathing.
You are immune to petrification.
You are immune to rotting.


Message History

Qazlal accepts your kill.
Your shield and chain mail prevent you from hitting the worker ant.
The worker ant bites you but does no damage.
Your shield and chain mail prevent you from hitting the iguana.
You closely miss the worker ant.
The worker ant bites you but does no damage.
The iguana bites you but does no damage.
The worker ant bites you but does no damage.
The iguana bites you.
Your shield and chain mail prevent you from hitting the iguana.
You hit the worker ant. The worker ant bites you. The iguana bites you.
The worker ant barely misses you.
You hit the iguana but do no damage. You closely miss the worker ant.
You block the iguana's attack. The worker ant bites you. The iguana bites you!
* * * LOW HITPOINT WARNING * * *
You barely miss the iguana. You closely miss the worker ant.
The worker ant completely misses you. The worker ant bites you.
* * * LOW HITPOINT WARNING * * *
The iguana bites you.
You die...

#. . ####.
#.#.... #..!..
#.... ##...
##...a########
#....l@......#
#.....###...#.#
.##.. ##..#.##
#.. ##..[.# ...
##...# .. ##..#
. ##.## # ##
#..###.# #.#
##......#


You could see an iguana and a worker ant.

Vanquished Creatures
  4 gnolls (D:3)
  3 worms
  A ball python (D:2)
  12 bats
  A giant cockroach (D:2)
  8 goblins
  6 hobgoblins
  2 jackals (D:2)
  A quokka (D:4)
  5 frilled lizards
  7 kobolds
  9 rats
59 creatures vanquished.

Notes
Turn   | Place    | Note
-------+----------+-------------------------------------------
     0 | D:1      | Revguard the Gargoyle Fighter began the quest for the Orb.
     0 | D:1      | Reached XP level 1. HP: 14/14 MP: 1/1
   308 | D:1      | Reached XP level 2. HP: 19/19 MP: 2/2
   986 | D:2      | Reached XP level 3. HP: 23/23 MP: 3/3
  1471 | D:2      | Found a stormy altar of Qazlal.
  1473 | D:2      | Noticed an air elemental
  1476 | D:2      | Noticed a fire elemental
  1480 | D:2      | Noticed a water elemental
  1486 | D:2      | Noticed an earth elemental
  1491 | D:2      | Became a worshipper of Qazlal Stormbringer
  2007 | D:3      | Reached XP level 4. HP: 27/28 MP: 4/4
  2428 | D:4      | Slain by an iguana

Skill      XL: |  1  2  3  4 |
---------------+-------------+-----
Axes           | 2 |  2.5
Shields        | 4 |  4.1
Armour         | 4 |  4.0
Fighting       | |  3.5
Dodging        | |  0.9
Stealth        | |  0.3
Invocations    | |  0.9

Action                   |  1- 3 |  4- 6 || total
-------------------------+-------+-------++-------
Melee: War axe           |   197 |    36 ||   233
  Use: Scroll            |     5 |       ||     5
  Eat: Chunk             |     2 |       ||     2
       Ration            |     1 |       ||     1
Armor: Chain mail        |   152 |    50 ||   202
       Scale mail        |     6 |       ||     6
Dodge: Dodged            |    65 |    19 ||    84
Block: Shield            |   114 |    38 ||   152
